 Dungeon Crawl Stone Soup version 0.31-a0-1570-g93c622d222 (webtiles) character file.

Game seed: 17025466120453528073

30552 bjtr the Grappler (level 13, -1/81 HPs)
             Began as an Octopode Shapeshifter on Jan 3, 2024.
             Was a High Priest of Elyvilon.
             Slain by a seven-headed hydra (8 damage)
             ... on level 13 of the Dungeon on Jan 4, 2024.
             The game lasted 01:39:29 (20041 turns).

bjtr the Grappler (Octopode Shapeshifter)          Turns: 20041, Time: 01:39:30

Health: -1/81      AC:  4    Str: 18    XL:     13   Next: 52%
Magic:  17/17      EV: 14    Int: 12    God:    Elyvilon [*****.]
Gold:   915        SH: 20    Dex: 12    Spells: 10/17 levels left

rFire   . .          .
                       - Unarmed
rCold   + . .        j - +5 kite shield {AC+3}
rNeg    . . .        (helmet currently unavailable)
rPois   .            U - amulet of reflection
rElec   .            H - ring of wizardry
rCorr   .            M - ring of willpower
SInv    .            g - ring of protection from cold
Will    +....        (no ring)
Stlth   ++++++       (no ring)
HPRegen 0.33/turn    (no ring)
MPRegen 0.15/turn    (no ring)
                     (no ring)

%: reflection, wizardry (x1)
@: beast-form
A: beast (slay +4), almost no armour, amphibious, 8 rings, camouflage 1,
gelatinous body 1, (nimble swimmer 1), tentacles
a: Begin Untransformation, Renounce Religion, Purification, Heal Other, Heal
Self, Divine Vigour


You were on level 13 of the Dungeon.
You worshipped Elyvilon.
Elyvilon was extremely pleased with you.
You were a hulking beast.
You visited 2 branches of the dungeon, and saw 14 of its levels.
You also visited: Sewer and Bailey.

You collected 959 gold pieces.
You spent 44 gold pieces at shops.

Inventory:

Hand Weapons
 b - the +1 sling of Plunder {antimagic, rPois Str+3 Int+3}
   (You found it on level 13 of the Dungeon)

   Str+3:     It affects your strength (+3).
   Int+3:     It affects your intelligence (+3).
   rPois:     It protects you from poison
 n - a +2 scimitar of protection
 A - a +0 whip of freezing
 B - a +2 dagger of speed
 Z - a +2 sling of flaming
Missiles
 r - 3 curare-tipped darts (quivered)
 v - 47 poisoned darts
 G - 10 throwing nets
Armour
 j - a +5 kite shield of protection (worn)
Magical Staves
 i - a staff of earth
Jewellery
 g - a ring of protection from cold (on tentacle)
 H - a ring of wizardry (left tentacle)
 M - a ring of willpower (right tentacle)
 U - an amulet of reflection (around mantle)
Talismans
 c - a flux talisman
 h - a beast talisman (active)
 E - a blade talisman
Wands
 q - a wand of polymorph (25)
 s - a wand of charming (9)
 y - a wand of iceblast (8)
 I - a wand of digging (7)
 K - a wand of flame (10)
Scrolls
 e - a scroll of immolation
 f - a scroll of enchant armour
 p - 2 scrolls of fog
 u - a scroll of amnesia
 D - 2 scrolls of silence
 F - 3 scrolls of enchant weapon
 J - a scroll of vulnerability
 N - a scroll of poison
 P - a scroll of butterflies
 W - 3 scrolls of teleportation
 X - a scroll of revelation
Potions
 a - 2 potions of lignification
 l - 3 potions of enlightenment
 m - 9 potions of curing
 w - a potion of attraction
 x - 3 potions of ambrosia
 z - a potion of magic
 C - a potion of berserk rage
 L - a potion of cancellation
 Q - a potion of resistance
 T - 3 potions of mutation
 V - a potion of brilliance
Miscellaneous
 d - a lightning rod (1/4)


   Skills:
 + Level 5.2 Fighting
 + Level 7.3 Dodging
 + Level 12.9 Stealth
 + Level 7.9 Shields
 + Level 13.3 Unarmed Combat
 + Level 2.8 Spellcasting
 + Level 3.1 Earth Magic
 + Level 3.8 Evocations
 * Level 9.9 Shapeshifting


You had 10 spell levels left.
You knew the following spells:

 Your Spells              Type           Power      Damage    Failure   Level
a - Sandblast             Erth           18%        2d7       6%          1
b - Passwall              Erth           9%         N/A       17%         3
c - Mephitic Cloud        Conj/Alch/Air  1%         N/A       52%         3

Your spell library contained the following spells:

 Spells                   Type           Power      Damage    Failure   Level
 Kiss of Death            Conj/Necr      4%         2d5       22%         1
 Magic Dart               Conj           4%         1d3       22%         1
 Slow                     Hex            4%         N/A       22%         1
 Searing Ray              Conj           2%         2d4       32%         2
 Static Discharge         Conj/Air       2%         3-4/arc   32%         2
 Stone Arrow              Conj/Erth      10%        3d7       32%         3
 Confusing Touch          Hex            1%         N/A       52%         3
 Dazzling Flash           Conj/Hex       2%         N/A       52%         3
 Inner Flame              Hex/Fire       1%         N/A       52%         3
 Sigil of Binding         Hex            1%         N/A       52%         3
 Vampiric Draining        Necr           1%         2d6       52%         3
 Brom's Barrelling Bould  Conj/Erth      5%         2d3       71%         4
 Airstrike                Air            0%         2d(1-17)  89%         4
 Dispel Undead            Necr           1%         3d6       89%         4
 Fulminant Prism          Conj/Alch      0%         3d5       89%         4
 Summon Lightning Spire   Summ/Air       1%         N/A       89%         4
 Curse of Agony           Necr           1%         N/A       99%         5
 Irradiate                Conj/Alch      0%         3d11      99%         5
 Silence                  Hex/Air        0%         N/A       99%         5
 Ignition                 Fire           0%         3d3       100%        8


Dungeon Overview and Level Annotations

Branches:
Dungeon (13/15)            Temple (1/1) D:5            Lair (0/5) D:10
    Orc (0/2) D:9          Vaults (0/5) D:13          Sewer (visited)
 Bailey (visited)

Altars:
Ashenzari
Cheibriados
Dithmenos
Elyvilon
Fedhas
Gozag
Hepliaklqana
Kikubaaqudgha
Makhleb
Nemelex Xobeh
Okawaru
Qazlal
Ru
Sif Muna
Trog
Uskayaw
Vehumet
Wu Jian
Xom
Yredelemnul
Zin
The Shining One

Shops:
D:2 *   D:10 (


Innate Abilities, Weirdness & Mutations

You are a hulking beast.
Your limbs bulge with bestial killing power. (Slay +4)
You cannot wear most types of armour.
You are amphibious.
You can wear up to eight rings at the same time.
Your skin changes colour to match your surroundings (Stealth+).
Your rubbery body absorbs attacks. (AC +1, EV +1)
((You are camouflaged when in or above water. (Stealth+)))
You have tentacles for arms and can constrict up to eight enemies at once.


Message History

The five-headed hydra is severely wounded.
The five-headed hydra bites you. The five-headed hydra bites you!
You block the five-headed hydra's attack. x2
The five-headed hydra bites you!
Unknown command.
You bludgeon the five-headed hydra! You squeeze the five-headed hydra!
The five-headed hydra is almost dead.
The five-headed hydra bites you! The five-headed hydra bites you.
The five-headed hydra bites you!
You block the five-headed hydra's attack. x2
Unknown command.
You tentacle-slap the seven-headed hydra.
You tentacle-slap the seven-headed hydra!
You squeeze the seven-headed hydra!
The seven-headed hydra is moderately wounded.
Unknown command.
You batter the seven-headed hydra!!
The seven-headed hydra is heavily wounded.
You block the seven-headed hydra's attack.
The seven-headed hydra barely misses you.
You block the seven-headed hydra's attack.
The seven-headed hydra bites you. The seven-headed hydra bites you! x2
* * * LOW HITPOINT WARNING * * *
You block the seven-headed hydra's attack.
Unknown command.
Okay, then.
Unknown command.
As you read the scroll of fear, it crumbles to dust.
You assume a fearsome visage.
The five-headed hydra resists with some effort.
The seven-headed hydra resists with some effort.
You block the seven-headed hydra's attack. x2
The seven-headed hydra bites you!
* * * LOW HITPOINT WARNING * * *
The seven-headed hydra closely misses you.
You block the seven-headed hydra's attack.
The seven-headed hydra bites you! Elyvilon protects you from harm!
The seven-headed hydra bites you!
You die...

.....####......###
..J.........#....#
.......#.#.#####.#
.......#.## #.#
......... #.#
......#. #.#
......# ########.#
....... .......#.#
....... .≈≈.≈≈.#h#
####... .≈.≈.≈.#D#
. ..≈.≈..'D#
.≈.≈?≈.### .≈≈.≈≈.
....... #######


You could see a seven-headed hydra and a five-headed hydra.

Vanquished Creatures
  Josephine (D:12)
  An ettin (D:13)
  A centaur warrior (D:10)
  An ogre mage (D:13)
  A boulder beetle (D:10)
  A tengu warrior (D:13)
  3 two-headed ogres
  An orange crystal statue (D:10)
  An orc knight (Bailey)
  3 ugly things
  5 cyclopes
  Maurice (D:7)
  3 manticores
  4 gargoyles
  2 unseen horrors (D:12)
  A kobold demonologist (D:13)
  3 trolls
  Grinder (D:3)
  2 hornets
  2 raiju (D:9)
  A slime creature (D:12)
  4 shadows
  6 yaks (D:9)
  10 wraiths
  3 fire elementals (D:13)
  2 wyverns
  A basilisk (D:11)
  4 vampire mosquitoes (D:12)
  An acid dragon (D:11)
  4 water moccasins
  A hell hound (D:12)
  18 orc warriors
  2 ice beasts
  4 sky beasts
  3 ogres
  2 phantoms (D:7)
  2 centaurs
  5 kobold brigands
  2 bullfrogs (D:8)
  3 gnoll sergeants
  5 scorpions
  6 wights
  12 killer bees
  8 howler monkeys
  7 electric eels
  A bombardier beetle (D:5)
  6 hounds
  3 jellies
  8 orc priests
  3 gnoll boudas (D:10)
  3 sleepcaps
  Ijyb (D:3)
  3 iguanas
  13 orc wizards
  A hell rat (Sewer)
  25 gnolls
  7 adders
  3 river rats (Sewer)
  2 white imps (D:5)
  4 ufetubi
  2 dart slugs
  2 ribbon worms
  55 orcs
  7 ball pythons
  A bat (D:1)
  8 endoplasms
  6 giant cockroaches
  32 goblins
  24 hobgoblins
  9 jackals
  3 quokkas
  4 frilled lizards
  25 kobolds
  13 rats
428 creatures vanquished.

Vanquished Creatures (collateral kills)
  A two-headed ogre (D:12)
  A hell hound (D:12)
2 creatures vanquished.

Vanquished Creatures (others)
  A two-headed ogre (D:12)
  A kobold (D:13)
2 creatures vanquished.

Grand Total: 432 creatures vanquished

Notes
Turn   | Place    | Note
-------+----------+-------------------------------------------
     0 | D:1      | bjtr the Octopode Shapeshifter began the quest for the Orb.
     0 | D:1      | Reached XP level 1. HP: 13/13 MP: 1/1
    89 | D:1      | Reached XP level 2. HP: 18/18 MP: 2/2
   489 | D:1      | Found a faded altar of an unknown god.
   648 | D:2      | Reached XP level 3. HP: 23/23 MP: 3/3
   651 | D:2      | Reached skill level 1 in Stealth
   746 | D:2      | Reached skill level 4 in Unarmed Combat
  1048 | D:2      | Found Ajoapp's General Store.
  1051 | D:2      | Bought a scroll of identify for 22 gold pieces
  1051 | D:2      | Bought a scroll of identify for 22 gold pieces
  1200 | D:2      | You fall into a shaft and drop 1 floor!
  1305 | D:3      | Reached XP level 4. HP: 28/28 MP: 4/4
  1752 | D:3      | Learned a level 1 spell: Sandblast
  2348 | D:3      | Reached XP level 5. HP: 28/33 MP: 5/5
  2380 | D:3      | Noticed Grinder
  2386 | D:3      | Killed Grinder
  2387 | D:3      | Reached skill level 5 in Unarmed Combat
  2387 | D:3      | Reached XP level 6. HP: 8/38 MP: 6/6
  2519 | D:3      | Noticed Ijyb
  2527 | D:3      | Killed Ijyb
  2528 | D:3      | Reached skill level 5 in Stealth
  2963 | D:4      | Learned a level 3 spell: Passwall
  3131 | D:4      | Reached XP level 7. HP: 43/43 MP: 7/7
  3634 | D:5      | Entered Level 5 of the Dungeon
  3673 | D:5      | Reached skill level 6 in Unarmed Combat
  3741 | D:5      | Identified a scroll of acquirement
  3741 | D:5      | Acquired a +1 kite shield of protection
  3944 | D:5      | Found a staircase to the Ecumenical Temple.
  3951 | D:5      | Reached XP level 8. HP: 50/50 MP: 8/8
  4009 | D:5      | Reached skill level 1 in Shields
  4032 | D:5      | Found a glowing drain.
  4138 | Sewer    | Entered a sewer
  4767 | Temple   | Entered the Ecumenical Temple
  4953 | Temple   | Became a worshipper of Elyvilon the Healer
  5059 | D:6      | Reached skill level 7 in Unarmed Combat
  5211 | D:6      | Noticed a hornet
  5349 | D:6      | Paralysed by a hornet for 2 turns
  5360 | D:6      | Killed a hornet
  5451 | D:6      | Reached XP level 9. HP: 54/54 MP: 9/9
  5562 | D:6      | Reached * piety under Elyvilon
  5772 | D:6      | Reached skill level 5 in Shapeshifting
  5784 | D:6      | Reached skill level 8 in Unarmed Combat
  5981 | D:7      | Noticed a brown ugly thing
  5995 | D:6      | Elyvilon protects you from harm!
  5996 | D:6      | Killed a brown ugly thing
  6195 | D:7      | Noticed a gargoyle
  6213 | D:7      | Killed a gargoyle
  6371 | D:7      | Noticed Maurice
  6379 | D:7      | Maurice stole a +2 scimitar
  6382 | D:7      | Killed Maurice
  6383 | D:7      | Reached skill level 9 in Unarmed Combat
  6548 | D:7      | Reached skill level 1 in Evocations
  6548 | D:7      | Reached XP level 10. HP: 47/61 MP: 10/10
  6599 | D:7      | Reached ** piety under Elyvilon
  6600 | D:7      | Noticed a cyclops
  6683 | D:7      | Reached skill level 10 in Stealth
  6803 | D:7      | Killed a cyclops
  7061 | D:7      | Reached skill level 5 in Dodging
  7061 | D:7      | Reached skill level 5 in Shields
  7061 | D:7      | Reached skill level 10 in Unarmed Combat
  7061 | D:7      | Reached XP level 11. HP: 68/68 MP: 10/15
  7287 | D:7      | Noticed a cyclops
  7295 | D:7      | Killed a cyclops
  7999 | D:8      | Found a flagged portal.
  8011 | Bailey   | Entered a bailey
  8901 | Bailey   | Noticed an orc knight
  8910 | Bailey   | Killed an orc knight
  9254 | D:8      | Reached skill level 11 in Unarmed Combat
  9420 | D:8      | Reached *** piety under Elyvilon
  9931 | D:9      | Found a shadowy altar of Dithmenos.
 10453 | D:9      | Found a glowing silver altar of Zin.
 10561 | D:9      | Found a radiant altar of Vehumet.
 10702 | D:9      | Reached **** piety under Elyvilon
 10807 | D:9      | Reached XP level 12. HP: 18/75 MP: 16/16
 12874 | D:9      | Found a staircase to the Orcish Mines.
 12874 | D:9      | Noticed a two-headed ogre
 12879 | D:9      | Killed a two-headed ogre
 12947 | D:10     | Entered Level 10 of the Dungeon
 12947 | D:10     | Noticed a centaur warrior
 12958 | D:10     | Killed a centaur warrior
 13094 | D:10     | Reached skill level 12 in Unarmed Combat
 14398 | D:10     | Noticed a boulder beetle
 14406 | D:10     | Killed a boulder beetle
 14446 | D:10     | Found a staircase to the Lair.
 14539 | D:10     | Found a bloodstained altar of Trog.
 14804 | D:10     | Reached ***** piety under Elyvilon
 14814 | D:10     | Found a shimmering altar of Xom.
 14847 | D:10     | Found Umoplud's Antique Weapon Shop.
 15629 | D:11     | Learned a level 3 spell: Mephitic Cloud
 17150 | D:12     | Noticed Josephine
 17306 | D:12     | Killed Josephine
 17307 | D:12     | Reached XP level 13. HP: 63/81 MP: 17/17
 17469 | D:12     | Reached skill level 5 in Fighting
 18060 | D:13     | Noticed Azrael
 18073 | D:13     | Reached skill level 13 in Unarmed Combat
 18090 | D:13     | Identified the +1 sling of Plunder {antimagic, rPois Str+3
                  | Int+3}
 18140 | D:13     | Elyvilon protects you from harm!
 18140 | D:13     | HP: 3/81 [two-headed ogre/+0 giant spiked club (7)]
 19400 | D:13     | Found a gate to the Vaults.
 19401 | D:13     | Noticed an ettin
 19431 | D:13     | Killed an ettin
 19519 | D:12     | HP: 3/81 [slime creature (13)]
 20041 | D:13     | Elyvilon protects you from harm!
 20041 | D:13     | Slain by a seven-headed hydra

Illustrated notes

Levels and vault maps discovered:
D:1:      mrwooster_arrival_statue_2, layout_rooms,
          shapermc_ecumenical_altar_mp_vishouse
D:2:      layout_basic, serial_shops, nicolae_shop_behind_doors, hex_large,
          minmay_misc_feat_more_columns
D:3:      minmay_goblin_kobold_castle, layout_rooms, uniq_ijyb, uniq_grinder
D:4:      layout_loops_ring, serial_library_hellmonk_double_dead_end
D:5:      layout_loops_ring, minmay_temple_entry_trees,
          mainiacjoe_sewer_entry_somewhere_in_here_2
D:6:      layout_basic
D:7:      minmay_opposing_rooms, layout_basic, kb_rosetta, uniq_maurice
D:8:      layout_basic, enter_bailey_5
D:9:      layout_basic, grunt_dithmenos_smoke_and_mirrors,
          mainiacjoe_overflow_two_lobes, david_orc_4,
          nicolae_have_a_lightning_rod
D:10:     layout_cave_pools, marbit_many_paths, lightli_temple_of_fire,
          lair_entry_dummy, serial_gnoll_camp, gnoll_camp_mini_house,
          gnoll_camp_mini_shop, gnoll_camp_mini_hut, gnoll_camp_huts_moat,
          minmay_hedge_maze, kennysheep_nondescript, kennysheep_small_spiral,
          grunt_ministairs_1, minmay_statue_bubble
D:11:     layout_long_grid
D:12:     layout_long_grid, minmay_misc_feat_enclosed, corexii_leaking_fountain,
          minmay_misc_feat_cross, uniq_josephine
D:13:     minmay_blocky_corners, layout_cave_pools,
          hellmonk_vaults_attempted_burglary, kennysheep_generic_room_9,
          uniq_azrael
Temple:   minmay_crystal_spiral_temple

Skill      XL: |  1  2  3  4  5  6  7  8  9 10 11 12 13 |
---------------+----------------------------------------+-----
Stealth        | 1 3 4 5 7 8 9 11 12 | 12.9
Unarmed Combat | 4 5 6 7 9 10 11 12 13 | 13.3
Shapeshifting  | 4 5 7 8 9 |  9.9
Fighting       | 2 3 4 5 |  5.2
Shields        | 1 3 5 6 7 |  7.9
Dodging        | 3 4 5 6 7 |  7.3
Evocations     | 1 3 |  3.8
Spellcasting   | 2 |  2.8
Earth Magic    | 3 |  3.1

Action                     |  1- 3 |  4- 6 |  7- 9 | 10-12 | 13-15 || total
---------------------------+-------+-------+-------+-------+-------++-------
  Melee: Unarmed           |    62 |   102 |   191 |   523 |   124 ||  1002
         Constrict         |    14 |    28 |    49 |   101 |     9 ||   201
         Tentacles         |    11 |    12 |    41 |   140 |    34 ||   238
         Punch             |     2 |     2 |     9 |    45 |    16 ||    74
   Fire: Sling             |       |       |       |    67 |    10 ||    77
  Throw: Dart              |       |       |       |     4 |       ||     4
   Cast: Passwall          |       |       |     1 |       |       ||     1
         Sandblast         |       |       |       |     3 |     1 ||     4
  Evoke: Wand              |       |     5 |    10 |     9 |     4 ||    28
         Lightning rod     |       |       |       |       |     4 ||     4
    Use: Scroll            |     2 |     2 |    14 |    16 |     3 ||    37
         Potion            |       |       |     2 |     6 |     2 ||    10
   Stab: Sleeping          |    11 |    17 |    19 |    26 |     4 ||    77
         Distracted        |       |     1 |     1 |     3 |       ||     5
         Betrayed ally     |       |       |     1 |       |       ||     1
 Armour: Skin              |    18 |    43 |    78 |   256 |    72 ||   467
  Dodge: Dodged            |    36 |    65 |    75 |   240 |    43 ||   459
  Block: Kite shield       |       |       |    70 |   323 |   137 ||   530
         Reflection        |       |       |       |       |    10 ||    10
   Form: Beast             |       |       |       |     1 |     1 ||     2
         Flux              |       |       |       |     1 |       ||     1
         Blade             |       |       |       |       |     1 ||     1

Table legend: (Time is in decaauts)
 A = Elapsed time spent in this place.
 B = Non-inter-level travel time spent in this place.
 C = Inter-level travel time spent in this place.
 D = Time resting spent in this place.
 E = Time spent auto-exploring this place.
 F = Levels seen in this place.
 G = Mean time per level.
                   A        B        C        D        E       F      G
               +--------+--------+--------+--------+--------+-----+--------+
         Total |  20041 |  19422 |    619 |   6389 |   8403 |  16 | 1252.6 |
       Dungeon |  18350 |  17786 |    564 |   5445 |   8258 |  13 | 1411.5 |
        Temple |    224 |    169 |     55 |      0 |      0 |   1 |  224.0 |
         Sewer |    337 |    337 |      0 |    218 |     11 |   1 |  337.0 |
        Bailey |   1128 |   1128 |      0 |    726 |    134 |   1 | 1128.0 |
               +--------+--------+--------+--------+--------+-----+--------+

Top non-repeatable levels by time:
     D:9: 3024 daAuts
    D:12: 2491 daAuts
    D:10: 2475 daAuts
     D:7: 1588 daAuts
     D:3: 1397 daAuts
    D:11: 1257 daAuts
  Bailey: 1128 daAuts
     D:6: 1122 daAuts
     D:8: 1015 daAuts
     D:2: 946 daAuts
    D:13: 912 daAuts
     D:5: 828 daAuts
     D:4: 747 daAuts
     D:1: 543 daAuts
   Sewer: 337 daAuts
